 Dungeon Crawl Stone Soup version 0.28-a0-1613-gdaab1c2f9b (webtiles) character file.

Game seed: 16993583215650412663

130 HallandMoats the Skirmisher (level 4, -4/37 HPs)
             Began as a Demonspawn Fighter on Jan 21, 2022.
             Killed by divine providence
             ... invoked by an orc priest
              (10 damage)
             ... on level 3 of the Dungeon.
             The game lasted 00:03:12 (2222 turns).

HallandMoats the Skirmisher (Demonspawn Fighter)    Turns: 2222, Time: 00:03:12

Health: -4/37      AC: 13    Str: 17    XL:     4   Next: 89%
Magic:  4/4        EV:  9    Int:  9    God:
Gold:   71         SH:  5    Dex: 14    Spells: 3/3 levels left

rFire   . . .      SeeInvis .   o - +2 whip (freeze)
rCold   . . .      Faith    .   c - +0 buckler
rNeg    . . .      Spirit   .   b - +0 scale mail
rPois   .          Reflect  .   (no helmet)
rElec   .          Harm     .   n - +0 cloak
rCorr   .          Rampage  .   (no gloves)
Will    .....                   (no boots)
Stlth   ..........              (no amulet)
HPRegen 0.12/turn               (no ring)
MPRegen 0.09/turn               (no ring)

@: sanguine armoured
A: powered by death 2, sanguine armour 1
a: no special abilities


You were on level 3 of the Dungeon.
You visited 1 branch of the dungeon, and saw 3 of its levels.

You collected 71 gold pieces.

Inventory:

Hand Weapons
 a - a +0 war axe
 o - a +2 whip of freezing (weapon)
Armour
 b - a +0 scale mail (worn)
 c - a +0 buckler (worn)
 n - a +0 cloak (worn)
Jewellery
 e - a ring of flight
Scrolls
 f - 3 scrolls of vulnerability {unknown}
 g - 3 scrolls of identify {unknown}
 i - a scroll of magic mapping {unknown}
 k - a scroll of fog {unknown}
Potions
 d - a potion of might
 h - 2 potions of curing {unknown}
 j - a potion of heal wounds {unknown}
 l - a potion of attraction {unknown}
 m - a potion of brilliance {unknown}


   Skills:
 * Level 3.9 Fighting
 * Level 3.0 Axes
 + Level 3.1 Armour
 + Level 1.1 Dodging
 + Level 3.1 Shields


You had 3 spell levels left.
You didn't know any spells.
Your spell library was empty.

Dungeon Overview and Level Annotations

Branches:
Dungeon (3/15)

Altars:

Shops:
D:1 !   D:3 !


Innate Abilities, Weirdness & Mutations

You regenerate health from kills.
When seriously injured, your blood forms armour. (AC +6)


Message History

The orc priest looks encouraged for a moment.
The dart slug launches a dart at you. You block the slug dart.
You hit the dart slug. You freeze the dart slug.
The dart slug is severely wounded.
You block the frilled lizard's attack.
You hit the dart slug but do no damage.
The dart slug is severely wounded.
The frilled lizard completely misses you.
The dart slug launches a dart at you.
The slug dart hits you but does no damage.
You hit the dart slug. You freeze the dart slug.
You kill the dart slug!
The frilled lizard bites you but does no damage.
The orc priest looks encouraged for a moment.
You block the orc priest's attack.
You closely miss the orc priest.
The frilled lizard bites you but does no damage.
The orc priest miscasts a cantrip.
You hit the orc priest but do no damage.
The frilled lizard bites you but does no damage.
The orc priest miscasts a cantrip.
You hit the orc priest. You freeze the orc priest.
The orc priest is moderately wounded.
The frilled lizard barely misses you.
The orc priest casts a cantrip, but nothing happens.
The orc priest closely misses you.
You hit the orc priest. You freeze the orc priest.
The orc priest is severely wounded.
The frilled lizard bites you but does no damage.
The orc priest invokes the aid of Beogh against you.
Beogh smites you!
Your blood congeals into armour.
The orc priest hits you with a +0 short sword.
The orc priest mumbles some strange prayers to Beogh against you.
Beogh smites you!
* * * LOW HITPOINT WARNING * * *
The frilled lizard bites you but does no damage.
The orc priest mumbles some strange prayers to Beogh against you.
Beogh smites you!
You die...

..#.#.........##
...|...<.)#..#>.
###.#.....#..#.# .
#.#..∩.....#.. †..#
#.#........#.. .....
#....8.....#.. .)...####
###...######.. ........#
#...# ##. #.
#@#####...#######.
#..##...............#.
#ooolo..............<.
#.....o................##
....###..#####...#######
... #..# #...# # #.##
#...# ..# #...# ####
#...#


You could see 2 orc priests and a frilled lizard.

Vanquished Creatures
  Jessica (D:3)
  5 gnolls
  An adder (D:2)
  2 dart slugs (D:3)
  3 ball pythons
  3 endoplasms
  A giant cockroach (D:2)
  3 hobgoblins
  5 kobolds
  2 quokkas (D:1)
  9 bats
  4 frilled lizards
  3 goblins
  3 rats (D:1)
45 creatures vanquished.

Notes
Turn   | Place    | Note
-------+----------+-------------------------------------------
     0 | D:1      | HallandMoats the Demonspawn Fighter began the quest for the
                  | Orb.
     0 | D:1      | Reached XP level 1. HP: 18/18 MP: 1/1
   266 | D:1      | Gained mutation: You regenerate a little health from kills.
                  | [demonic ancestry]
   266 | D:1      | Reached XP level 2. HP: 22/24 MP: 2/2
   601 | D:1      | Found Aqoasum's Distillery.
   723 | D:1      | Gained mutation: You regenerate health from kills. [demonic
                  | ancestry]
   723 | D:1      | Reached XP level 3. HP: 28/29 MP: 3/3
  1063 | D:2      | Found a faded altar of an unknown god.
  1523 | D:2      | Gained mutation: When seriously injured, your blood forms
                  | armour. (AC +6) [demonic ancestry]
  1523 | D:2      | Reached XP level 4. HP: 30/36 MP: 4/4
  1767 | D:2      | Reached skill level 1 in Dodging
  2183 | D:3      | Found Luwk's Distillery.
  2203 | D:3      | Noticed Jessica
  2211 | D:3      | Killed Jessica
  2222 | D:3      | Killed from afar by an orc priest

Illustrated notes

Levels and vault maps discovered:
D:1:      dpeg_arrival_rooms_c, layout_basic, serial_shops, shop
D:2:      layout_loops_corners, ebering_ecumenical_altar_box
D:3:      layout_loops_cross, trog_hazing_becter, serial_shops,
          nicolae_shop_bloodbath_and_beyond, shop, shop_statue,
          nicolae_shop_crystal, kennysheep_generic_room_12, uniq_robin,
          uniq_jessica

Skill      XL: |  1  2  3  4 |
---------------+-------------+-----
Axes           | 2 3 |  3.0
Shields        | 3 |  3.1
Armour         | 3 |  3.1
Dodging        | 1 |  1.1
Fighting       | |  3.9

Action                   |  1- 3 |  4- 6 || total
-------------------------+-------+-------++-------
Melee: War axe           |   100 |     6 ||   106
       Whip              |       |    40 ||    40
Armor: Scale mail        |    54 |    18 ||    72
Dodge: Dodged            |    56 |    16 ||    72
Block: Buckler           |    20 |    11 ||    31

Table legend: (Time is in decaauts)
 A = Elapsed time spent in this place.
 B = Non-inter-level travel time spent in this place.
 C = Inter-level travel time spent in this place.
 D = Time resting spent in this place.
 E = Time spent auto-exploring this place.
 F = Levels seen in this place.
 G = Mean time per level.
                   A        B        C        D        E       F      G
               +--------+--------+--------+--------+--------+-----+--------+
         Total |   2270 |   2214 |     56 |     28 |   1786 |   3 |  756.7 |
       Dungeon |   2270 |   2214 |     56 |     28 |   1786 |   3 |  756.7 |
               +--------+--------+--------+--------+--------+-----+--------+

Top non-repeatable levels by time:
     D:1: 1130 daAuts
     D:2: 1017 daAuts
     D:3: 122 daAuts
